 Dungeon Crawl Stone Soup version 0.27-a0-1529-g1e82c303ef (webtiles) character file.

Game seed: 12163411783771857293

450 meriones the Cudgeller (level 6, -3/84 HPs)
             Began as a Minotaur Berserker on July 11, 2021.
             Was a Priest of Trog.
             Slain by a bog mummy (9 damage)
             ... in an ossuary.
             The game lasted 00:14:37 (4742 turns).

meriones the Cudgeller (Minotaur Berserker)         Turns: 4742, Time: 00:14:38

Health: -3/84      AC:  4    Str: 21    XL:     6   Next: 74%
Magic:  5/5        EV: 12    Int:  4    God:    Trog [***...]
Gold:   201        SH:  0    Dex: 12    Spells: 5/5 levels left

rFire    . . .     SeeInvis .   a - +1 mace
rCold    . . .     Faith    .   (no shield)
rNeg     . . .     Spirit   .   o - +0 leather armour
rPois    .         Reflect  .   (helmet restricted)
rElec    .         Harm     .   (no cloak)
rCorr    .         Rampage  .   n - +0 pair of gloves
Will     .....                  (no boots)
Stlth    ..........             (no amulet)
HPRegen  0.24/turn              (no ring)
MPRegen  0.09/turn              (no ring)

@: berserking, slowed
A: horns 2, retaliatory headbutt
a: Renounce Religion, Berserk, Trog's Hand


You were in an ossuary.
You worshipped Trog.
Trog was most pleased with you.
You visited 1 branch of the dungeon, and saw 4 of its levels.
You also visited: Ossuary.

You collected 201 gold pieces.

Inventory:

Hand Weapons
 a - a +1 mace (weapon)
Missiles
 c - 21 poisoned darts (quivered)
 i - a throwing net
Armour
 b - a +0 animal skin
 n - a +0 pair of gloves (worn)
 o - a +0 leather armour (worn)
Jewellery
 d - a +6 ring of intelligence
 j - a ring of wizardry
Wands
 q - a wand of digging (3)
Scrolls
 e - a scroll of silence {unknown}
 f - a scroll of teleportation {unknown}
 g - a scroll of fog {unknown}
 h - a scroll of identify {unknown}
 p - a scroll of amnesia {unknown}
 s - a scroll of blinking {unknown}
Potions
 k - a potion of resistance {unknown}
 l - 2 potions of invisibility {unknown}
 m - a potion of attraction {unknown}
 r - a potion of flight {unknown}


   Skills:
 + Level 5.4 Fighting
 + Level 6.8 Maces & Flails
 + Level 0.5 Throwing
 + Level 2.8 Armour
 + Level 3.5 Dodging
 + Level 1.8 Stealth


You had 5 spell levels left.
You didn't know any spells.
Your spell library contained the following spells:

 Spells                   Type           Power      Damage    Failure   Level
 Passwall                 Tmut/Erth      0%         N/A       69%         2
 Gell's Gravitas          Tloc           0%         N/A       89%         3
 Lesser Beckoning         Tloc           0%         N/A       89%         3
 Swiftness                Air            0%         N/A       89%         3
 Teleport Other           Tloc           0%         N/A       89%         3
 Invisibility             Hex            0%         N/A       100%        6


Dungeon Overview and Level Annotations

Branches:
Dungeon (4/15)            Ossuary (1/1)
 Temple: D:4-7

Altars:


Innate Abilities, Weirdness & Mutations

You have a pair of horns on your head.
You reflexively headbutt those who attack you in melee.


Message History

A water moccasin zombie comes into view.
You hit the bog mummy.
The bog mummy is moderately damaged.
The bog mummy hits you!!
The bog mummy gestures at you while chanting.
You feel yourself slow down.
There is an open door here.
You barely miss the bog mummy. You headbutt the bog mummy!
The bog mummy is severely damaged.
The water moccasin zombie bites you.
The water moccasin zombie closely misses you.
The bog mummy casts a spell at you.
You feel as though you will be slow longer.
The bog mummy hits you!
* * * LOW HITPOINT WARNING * * *
There is an open door, spattered with blood here.
A red film seems to cover your vision as you go berserk!
You feel yourself moving faster!
You feel mighty! The water moccasin zombie bites you.
* * * LOW HITPOINT WARNING * * *
The bog mummy barely misses you. The bog mummy misses you.
Unknown command.
You sock the bog mummy!
The bog mummy is heavily damaged.
The bog mummy barely misses you.
You hit the bog mummy. Your headbutt misses the bog mummy.
The bog mummy is heavily damaged.
The water moccasin zombie bites you!
* * * LOW HITPOINT WARNING * * *
The bog mummy splashes around in the water.
You hit the bog mummy. Your headbutt misses the bog mummy.
The bog mummy is severely damaged.
The water moccasin zombie bites you but does no damage.
The bog mummy closely misses you. You furiously retaliate!
You headbutt the bog mummy!
You destroy the bog mummy!
Trog accepts your kill.
Trog appreciates your killing of a magic user.
The bog mummy hits you!
You die...

#≈#≈#≈#≈
≈≈#≈≈≈#
≈#≈.≈P
##≈≈.≈
##≈P.≈≈
#≈#≈≈≈#####
#≈..Z#...#
#≈ZM@.∩.#
#.≈M#..∩#
#≈≈≈≈M#####
#≈#.≈≈+ #≈
##≈≈# #
...# ###.+
+.#


You could see 2 mummies, a bog mummy, a water moccasin zombie and a centaur
zombie.

Vanquished Creatures
  Grinder (D:3)
  An orc priest (D:3)
  2 mummies (Ossuary)
  2 orc wizards (D:3)
  A killer bee zombie (D:3)
  4 adders
  An adder skeleton (D:3)
  3 worms
  A dart slug (D:2)
  3 orcs (D:3)
  6 endoplasms
  3 giant cockroaches
  5 goblins
  11 hobgoblins
  9 jackals (D:1)
  9 kobolds
  8 ball pythons
  10 bats
  A frilled lizard (D:2)
  A quokka zombie (D:4)
  8 rats
  A rat zombie (D:4)
91 creatures vanquished.

Vanquished Creatures (others)
  3 fungi (D:1)
  2 withered plants (Ossuary)
5 creatures vanquished.

Grand Total: 96 creatures vanquished

Notes
Turn   | Place    | Note
-------+----------+-------------------------------------------
     0 | D:1      | meriones the Minotaur Berserker began the quest for the
                  | Orb.
     0 | D:1      | Reached XP level 1. HP: 19/19 MP: 0/0
   233 | D:1      | Found a faded altar of an unknown god.
   316 | D:1      | Reached skill level 4 in Maces & Flails
   316 | D:1      | Reached XP level 2. HP: 19/27 MP: 1/1
   700 | D:1      | Reached XP level 3. HP: 24/33 MP: 2/2
  1367 | D:2      | Reached ** piety under Trog
  1379 | D:2      | HP: 1/34 [kobold (3)]
  1936 | D:2      | Reached XP level 4. HP: 38/41 MP: 3/3
  2691 | D:2      | Reached skill level 5 in Maces & Flails
  3023 | D:3      | Noticed Grinder
  3030 | D:3      | Paralysed by Grinder for 6 turns
  3045 | D:3      | Killed Grinder
  3046 | D:3      | Reached skill level 5 in Fighting
  3046 | D:3      | Reached skill level 6 in Maces & Flails
  3046 | D:3      | Reached skill level 1 in Stealth
  3046 | D:3      | Reached XP level 5. HP: 14/48 MP: 4/4
  3046 | D:3      | Reached XP level 6. HP: 17/56 MP: 5/5
  4361 | D:3      | Reached *** piety under Trog
  4694 | D:4      | Found a sand-covered staircase.
  4717 | Ossuary  | Entered an ossuary
  4742 | Ossuary  | Slain by a bog mummy

Illustrated notes

Levels and vault maps discovered:
D:1:      lemuel_arrival_river_bridge, layout_basic,
          dreamdust_ecumenical_altar_hidden_monk_grotto
D:2:      layout_loops_cross, minmay_puff
D:3:      layout_loops_ring, st_stairs_13, uniq_grinder
D:4:      layout_loops_ring, enter_ossuary_4, uniq_pikel
Ossuary:  ossuary_zaba_flooded

Skill      XL: |  1  2  3  4 |
---------------+-------------+-----
Maces & Flails | 4 6 |  6.8
Fighting       | 4 5 |  5.4
Dodging        | 3 |  3.5
Stealth        | 1 |  1.8
Throwing       | |  0.5
Armour         | |  2.8

Action                   |  1- 3 |  4- 6 || total
-------------------------+-------+-------++-------
Melee: Mace              |    84 |   103 ||   187
       Headbutt          |    13 |    17 ||    30
Throw: Dart              |     1 |     9 ||    10
Invok: Berserk           |       |     1 ||     1
  Use: Potion            |     1 |     1 ||     2
       Scroll            |       |     1 ||     1
 Stab: Sleeping          |       |     1 ||     1
Armor: Animal skin       |    29 |     1 ||    30
       Leather armour    |       |    25 ||    25
Dodge: Dodged            |    89 |    50 ||   139

Table legend: (Time is in decaauts)
 A = Elapsed time spent in this place.
 B = Non-inter-level travel time spent in this place.
 C = Inter-level travel time spent in this place.
 D = Time resting spent in this place.
 E = Time spent auto-exploring this place.
 F = Levels seen in this place.
 G = Mean time per level.
                   A        B        C        D        E       F      G
               +--------+--------+--------+--------+--------+-----+--------+
         Total |   4775 |   4775 |      0 |   1863 |   1370 |   5 |  955.0 |
       Dungeon |   4747 |   4747 |      0 |   1863 |   1370 |   4 | 1186.8 |
       Ossuary |     27 |     27 |      0 |      0 |      0 |   1 |   27.0 |
               +--------+--------+--------+--------+--------+-----+--------+

Top non-repeatable levels by time:
     D:2: 1772 daAuts
     D:3: 1637 daAuts
     D:1: 1275 daAuts
     D:4: 62 daAuts
 Ossuary: 27 daAuts
